Map: Base du roi Sejong EC

Players

zidar

  • Race: Zerg Zerg
  • League: Gold
  • Spawn Location: 5:00

lazer - Winner!

  • Race: Zerg Zerg
  • League: Gold
  • Spawn Location: 11:00

VOD

Have the link to the VOD?

Description

Time

  • Played on: June 15, 2016, 11:54 a.m.
  • Length: 4:58
Show
View Real Time Build Order
Export as new Build Order

zidar Zerg 

Build Orders: Pool First 

Get SALT Encoding   

  12  0:01  Drone  
  13  0:12  Overlord  
  13  0:17  Drone  
  14  0:30  Drone x2  
  14  0:35  Drone  
  17  0:39  Extractor  
  16  0:47  Spawning Pool  
  15  0:51  Drone  
  16  1:01  Overlord  
  16  1:08  Overlord  
  16  1:34  Queen, Zergling x2  
  16  1:39  Zergling x2  
  20  1:40  Metabolic Boost  
  20  1:42  Zergling x2  
  21  1:52  Zergling x2  
  22  2:01  Zergling x2  
  23  2:12  Zergling x2  
  24  2:25  Zergling x2  
  25  2:34  Zergling x2  
  26  2:44  Zergling x4  
  26  2:45  Zergling x2  
  29  3:05  Zergling x2  
  30  3:10  Zergling x2  
  22  3:38  Zergling x2  
  22  3:39  Zergling x6  
  24  3:52  Hatchery  
  21  4:03  Zergling x4  
  21  4:04  Spine Crawler  
  22  4:17  Spine Crawler, Zergling x2  
  22  4:28  Zergling x8  
Show
View Real Time Build Order
Export as new Build Order

lazer Zerg - Winner!

Build Orders: Hatch First, Zergling Baneling 

Get SALT Encoding   

  12  0:01  Drone  
  13  0:14  Overlord  
  13  0:20  Drone  
  14  0:34  Drone  
  15  0:49  Hatchery  
  14  0:51  Drone  
  15  1:05  Spawning Pool  
  15  1:09  Drone  
  15  1:15  Drone  
  16  1:19  Drone  
  16  1:24  Extractor  
  16  1:27  Drone  
  17  1:33  Drone  
  18  1:43  Drone  
  19  1:56  Queen  
  19  1:58  Zergling x2  
  19  2:01  Queen  
  22  2:03  Overlord  
  22  2:05  Zergling x2  
  25  2:27  Metabolic Boost  
  25  2:42  Zergling x10  
  25  2:43  Zergling x2  
  31  2:54  Baneling Nest, Zergling x4  
  32  3:07  Zergling x8  
  32  3:09  Overlord  
  36  3:34  Queen  
  29  3:35  Zergling x10  
  36  3:41  Baneling x3  
  36  3:42  Baneling  
  36  3:51  Zergling x4  
  36  3:52  Zergling x4  
  40  4:04  Overlord  
  40  4:09  Zergling x6  
  43  4:21  Baneling x5  
  43  4:22  Baneling  
Tags
 
Add a new tag
Caveats
  • Supply blocks, unpowered buildings, or Contaminate may cause inaccurate times.
  • Supply counts are checked every 10 seconds.